 Dungeon Crawl Stone Soup version 0.19-a0-160-gd53b84c (webtiles) character file.

125 wvc the Covered (level 4, 12/35 HPs)
             Began as a Mummy Wanderer on May 21, 2016.
             Quit the game on level 2 of the Dungeon.
             The game lasted 00:04:01 (1475 turns).

wvc the Covered (Mummy Wanderer)                    Turns: 1475, Time: 00:04:02

Health: 12/35      AC: 10    Str: 16    XL:     4   Next: 82%
Magic:  4/4        EV:  9    Int:  8    God:
Gold:   55         SH:  3    Dex: 14    Spells: 0 memorised, 3 levels left

rFire  . . .     SeeInvis .     b - +0 mace
rCold  + . .     Gourm    .     l - +0 scale mail {rPois}
rNeg   + + +     Faith    .     i - +0 buckler
rPois  ∞         Spirit   .     (no helmet)
rElec  .         Dismiss  .     (no cloak)
rCorr  .         Reflect  .     (no gloves)
SustAt .         Harm     .     (no boots)
MR     .....                    (no amulet)
Stlth  ..........               m - ring of protection from fire
                                e - +4 ring of protection

@: not resistant to hostile enchantments, extremely unstealthy
A: no food or potions, fire vulnerability, cold resistance 1, negative energy
resistance 3, torment resistance, unbreathing
a: no special abilities


You were on level 2 of the Dungeon.
You were not hungry.

You visited 1 branch of the dungeon, and saw 2 of its levels.

You collected 55 gold pieces.

Inventory:

Hand Weapons
 b - a +0 mace (weapon)
 c - a +0 shortbow
 k - a +0 flail
Missiles
 d - 65 arrows
Armour
 a - a +2 scale mail
 i - a +0 buckler (worn)
 l - a +0 scale mail of poison resistance (worn)
Jewellery
 e - a +4 ring of protection (left hand)
 m - a ring of protection from fire (right hand)
Scrolls
 f - 2 scrolls of immolation
 h - 2 scrolls of teleportation


   Skills:
 + Level 3.2 Fighting
 - Level 1.5 Bows
   Level 1.0 Crossbows
 - Level 3.2 Armour
 + Level 2.6 Dodging
 - Level 1.0 Stealth
   Level 1.0 Evocations


You had 3 spell levels left.
You didn't know any spells.

Dungeon Overview and Level Annotations

Branches:
Dungeon (2/15)

Altars:

Annotations:
D:2 Sigmund


Innate Abilities, Weirdness & Mutations

You do not eat or drink.
Your flesh is vulnerable to fire.
You are immune to poison.
Your flesh is cold resistant.
You are immune to negative energy.
You are immune to unholy pain and torment.
You can survive without breathing.


Message History

You closely miss something. Something hits you but does no damage.
You closely miss something.
You hear some strange, mumbled words.
A magic dart appears from out of thin air!
The magic dart hits you!
You miss something. Something hits you but does no damage.
A kobold comes into view. It is wielding a club.
You closely miss something.
The kobold shouts!
Something hits you but does no damage.
You can't drink.
Read which item? (? for menu, Esc to quit)
As you read the scroll labeled SEX OCYMISOX, it crumbles to dust.
It is a scroll of recharging.
You aren't carrying any rechargeable items.
The kobold throws a stone.
The stone hits you but does no damage. Something completely misses you.
You aren't carrying any items that you can evoke.
Unknown command.
Are you sure you want to abandon this character and quit the game? (Confirm with "yes".)

#.....#..P♣♣PPP.###...
#####...P♣....### #...
#.....P♣.÷.## #...
.....#.#P.♣P..# ####...
######......#.###).....
... #....PP#.....##...
##.###...P.....#####..
#...{..######### ##.
#..#K.@..# ## #...
####..### .@.##
#....### ## ##.
##.....### ##.P#
####....########
#.PPP## #............
♣.### ###..########
♣†..#######.#
♣♣P.........#


You could see a kobold.

Vanquished Creatures
  Jessica (D:2)
  Terence (D:2)
  2 adders (D:2)
  A worm (D:2)
  A dart slug (D:1)
  3 giant geckos
  6 bats
  6 giant cockroaches
  5 hobgoblins
  3 jackals (D:1)
  A quokka (D:2)
  3 ball pythons
  2 giant newts
  3 goblins
  5 kobolds
  3 rats (D:1)
46 creatures vanquished.

Notes
Turn   | Place    | Note
--------------------------------------------------------------
     0 | D:1      | wvc the Mummy Wanderer began the quest for the Orb.
     0 | D:1      | wvc set off with: a +2 scale mail, a +0 mace, a +0 shortbow, 25 arrows
     0 | D:1      | Reached XP level 1. HP: 15/15 MP: 1/1
   199 | D:1      | Reached XP level 2. HP: 21/22 MP: 2/2
   256 | D:1      | Reached skill level 1 in Dodging
   679 | D:1      | Reached XP level 3. HP: 23/27 MP: 3/3
   960 | D:2      | Noticed Jessica
   962 | D:2      | Noticed Terence
   984 | D:2      | Killed Terence
   998 | D:2      | Killed Jessica
   998 | D:2      | Reached XP level 4. HP: 26/34 MP: 4/4
  1439 | D:2      | Noticed Sigmund
  1475 | D:2      | Quit the game

Vault maps used:
D:1:      eino_arrival_water_star
D:2:      serial_forest, infiniplex_forest_clump_small,
          infiniplex_forest_clump_long, infiniplex_forest_clump_medium,
          infiniplex_forest_clump_small, infiniplex_forest_clump_curved,
          infiniplex_forest_straight_3, infiniplex_forest_clump_cross,
          infiniplex_forest_clump_long, infiniplex_forest_clump_diagonal,
          uniq_sigmund, uniq_jessica, uniq_terence

Skill      XL: |  1  2  3  4 |
---------------+-------------+-----
Dodging        | 1 2 |  2.6
Fighting       | 2 3 |  3.2
Bows           | |  1.5
Crossbows      | |  1.0
Armour         | |  3.2
Stealth        | |  1.0
Evocations     | |  1.0

Action                   |  1- 3 |  4- 6 || total
-------------------------+-------+-------++-------
Melee: Mace              |    96 |   107 ||   203
Throw: Throwing net      |       |     1 ||     1
  Use: Scroll            |     2 |     3 ||     5
Armor: Scale mail        |    91 |    48 ||   139
Dodge: Dodged            |    91 |    63 ||   154
Block: Buckler           |       |    25 ||    25
